Map: [ESL] Waterfall

Players

uThermal - Winner!

  • Race: Terran Terran
  • Spawn Location: 7:00

ByuN

  • Race: Terran Terran
  • Spawn Location: 1:00

Event: DreamHack SC2 Masters 2022 Valencia

VOD

Have the link to the VOD?

Description

Time

  • Played on: July 1, 2022, 3:19 p.m.
  • Length: 18:52

All games in this series

Show
View Real Time Build Order
Export as new Build Order

uThermal Terran - Winner!

Build Orders:  

Get SALT Encoding   

  12  0:00  SCV  
  13  0:12  SCV  
  14  0:17  Supply Depot  
  14  0:24  SCV  
  15  0:38  SCV  
  15  0:39  Barracks  
  16  0:43  Refinery  
  16  0:50  SCV  
  17  0:59  Barracks  
  17  1:03  SCV  
  18  1:10  Refinery  
  18  1:15  SCV  
  19  1:25  Reaper  
  19  1:28  Supply Depot  
  20  1:41  Orbital Command  
  20  1:47  Reaper  
  21  1:57  Reaper  
  22  2:07  Factory  
  22  2:08  SCV  
  23  2:19  Reaper  
  23  2:20  SCV  
  25  2:26  Supply Depot  
  25  2:30  Reaper  
  25  2:32  SCV  
  28  2:44  SCV  
  28  2:51  Reaper  
  28  2:52  Hellion  
  28  2:56  SCV  
  32  3:07  Reaper  
  32  3:11  Starport  
  35  3:24  Command Center  
  35  3:27  Factory Tech Lab  
  35  3:28  SCV  
  34  3:40  SCV  
  34  3:52  Refinery, SCV  
  34  3:53  Raven, Factory Tech Lab, Marine  
  39  3:57  Barracks Reactor, Supply Depot  
  38  4:04  SCV  
  39  4:18  SCV, Cyclone  
  43  4:27  Command Center  
  43  4:35  Marine x2  
  45  4:38  SCV  
  45  4:43  Orbital Command  
  45  4:44  Marine  
  47  4:51  Starport Reactor, Stimpack  
  47  4:53  Marine  
  47  4:57  SCV  
  49  5:00  Marine  
  49  5:03  Marine  
  51  5:09  SCV  
  51  5:10  Siege Tank  
  51  5:12  SCV  
  56  5:15  Marine  
  56  5:18  Marine  
  58  5:22  Supply Depot  
  58  5:23  Marine  
  58  5:25  SCV  
  58  5:26  SCV  
  61  5:37  SCV  
  61  5:38  Marine, Medivac x2  
  61  5:40  Marine  
  68  5:43  Marine  
  68  5:48  Orbital Command  
  69  5:50  SCV  
  69  5:51  SCV  
  69  5:56  Siege Tank, Marine  
  75  6:01  Marine  
  75  6:02  Marine  
  75  6:03  SCV  
  78  6:07  Supply Depot  
  78  6:09  SCV  
  79  6:14  Marine  
  79  6:15  SCV  
  79  6:16  Medivac x2  
  85  6:22  Refinery  
  85  6:28  Marine x2  
  85  6:29  Orbital Command  
  85  6:31  Barracks  
  85  6:32  Marine, Combat Shield  
  88  6:33  SCV x2  
  88  6:45  SCV  
  88  6:46  Marine x2  
  91  6:48  Medivac  
  91  6:49  Supply Depot  
  93  7:03  Medivac  
  93  7:05  SCV, Marine x2  
  93  7:06  SCV, Marine  
  93  7:09  Supply Depot  
  93  7:11  SCV  
  83  7:18  Siege Tank  
  83  7:20  SCV  
  83  7:21  Barracks Reactor  
  84  7:23  Marine x3  
  84  7:24  SCV  
  88  7:32  SCV  
  88  7:34  Supply Depot  
  88  7:37  SCV  
  90  7:38  SCV  
  90  7:40  Marine, Medivac  
  90  7:41  Medivac, Marine x2  
  97  7:45  SCV  
  97  7:46  Supply Depot  
  97  7:52  SCV  
  97  7:56  Siege Tank  
  99  7:58  Marine  
  99  7:59  SCV x2, Marine  
  99  8:00  Marine  
  104  8:06  Engineering Bay x2  
  104  8:08  SCV  
  104  8:09  Marine  
  104  8:11  SCV  
  107  8:16  Marine  
  107  8:17  SCV  
  110  8:20  SCV, Marine  
  110  8:21  Marine  
  110  8:23  SCV  
  110  8:26  Marine  
  113  8:27  Marine  
  113  8:28  Siege Tank  
  113  8:30  SCV  
  113  8:32  SCV  
  113  8:34  Marine, Supply Depot  
  119  8:35  SCV  
  119  8:38  Marine  
  119  8:40  Marine  
  123  8:42  SCV  
  123  8:48  SCV, Marine  
  121  8:49  Marine  
  121  8:52  Marine  
  121  8:55  Medivac  
  111  8:56  Marine  
  111  8:57  SCV, Marine  
  111  9:00  Siege Tank  
  111  9:02  SCV  
  115  9:06  Marine  
  115  9:07  Terran Infantry Armor Level 1, Terran Infantry Weapons Level 1  
  108  9:11  Marine, Medivac  
  109  9:17  Sensor Tower  
  109  9:19  SCV  
  109  9:20  Barracks, Marine x2  
  109  9:21  Barracks  
  106  9:25  Marine, Medivac  
  106  9:30  SCV  
  106  9:31  Marine  
  111  9:32  Refinery, Siege Tank  
  111  9:33  Factory  
  111  9:37  Marine  
  115  9:39  Marine, Barracks Reactor  
  115  9:40  Missile Turret  
  115  9:41  Missile Turret, Medivac  
  115  9:43  Marine  
  115  9:44  SCV  
  120  9:48  Supply Depot  
  120  9:49  Marine  
  120  9:50  Refinery  
  121  9:55  Marine, Medivac  
  121  9:57  Marine  
  125  10:01  Armory, Marine  
  125  10:02  SCV x2  
  125  10:05  SCV  
  125  10:06  Marine  
  133  10:07  Siege Tank  
  133  10:10  Barracks Reactor x2  
  133  10:13  Marine, Supply Depot  
  134  10:15  Marine x2  
  134  10:16  Marine  
  134  10:19  Siege Tank, Marine  
  141  10:31  Missile Turret  
  141  10:34  Viking x2, Marine x2  
  147  10:39  Supply Depot  
  147  10:40  Marine  
  147  10:41  Siege Tank  
  151  10:42  Missile Turret  
  151  10:45  Marine  
  151  10:46  Marine  
  151  10:47  Marine  
  154  10:51  Siege Tank  
  157  11:01  Terran Infantry Weapons Level 2, Marine x2  
  159  11:06  Marine x2  
  159  11:07  Marine  
  159  11:09  Terran Infantry Armor Level 2  
  163  11:13  Siege Tank  
  165  11:22  Viking x2  
  165  11:23  Command Center  
  165  11:25  Marine x2, Supply Depot  
  170  11:30  Marine x2  
  173  11:37  Starport  
  173  11:41  Starport  
  173  11:46  Siege Tank, Marine  
  178  11:47  Siege Tank  
  178  11:51  Supply Depot  
  178  11:52  SCV x2  
  177  11:55  Marine x2  
  177  12:01  Viking  
  177  12:02  Viking  
  177  12:05  Terran Ship Weapons Level 1, Supply Depot  
  179  12:11  Armory  
  179  12:12  Marine  
  179  12:14  Viking  
  182  12:16  Supply Depot  
  182  12:19  Viking  
  184  12:25  Supply Depot  
  184  12:28  Siege Tank  
  187  12:30  Sensor Tower  
  187  12:33  Siege Tank  
  190  12:37  SCV x3  
  190  12:43  Viking  
  181  12:50  Viking  
  177  12:55  Viking, Refinery x2  
  179  12:59  Marine x2  
  179  13:00  Siege Tank  
  179  13:03  Viking  
  186  13:07  Planetary Fortress  
  186  13:09  Marine  
  186  13:10  Marine x2  
  189  13:16  Missile Turret  
  189  13:17  Missile Turret  
  189  13:18  Siege Tank, Missile Turret  
  192  13:28  Command Center  
  192  13:29  Viking  
  192  13:33  Viking  
  196  13:35  Liberator  
  199  13:44  Missile Turret x2  
  199  13:49  Starport x2  
  191  13:59  Siege Tank  
  191  14:00  Viking, Liberator  
  188  14:03  Viking  
  188  14:05  Marine x2  
  188  14:07  Siege Tank  
  195  14:15  Terran Ship Weapons Level 2  
  195  14:16  Marine x2  
  197  14:18  Marine x2  
  199  14:27  Liberator  
  198  14:38  Siege Tank  
  197  14:40  Siege Tank  
  185  14:49  Marine  
  184  14:55  Marine  
  184  14:58  Marine x2  
  181  15:01  Marine x2  
  181  15:02  Marine  
  181  15:04  Marine  
  160  15:07  Viking  
  160  15:08  Marine  
  160  15:09  Marine x2  
  160  15:10  Siege Tank  
  160  15:12  Siege Tank, Command Center  
  160  15:13  Marine  
  169  15:14  Command Center  
  169  15:15  Viking  
  169  15:18  Viking  
  169  15:21  Viking  
  175  15:26  Viking  
  165  15:31  Viking, Marine  
  163  15:38  Marine  
  163  15:41  Viking  
  163  15:42  Siege Tank  
  169  15:44  Siege Tank  
  169  15:48  Marine x2  
  169  15:49  Marine x2  
  165  15:52  Viking  
  165  15:54  Viking  
  169  16:00  Viking, Sensor Tower  
  169  16:04  Viking  
  173  16:05  Marine  
  173  16:06  Marine  
  173  16:10  Terran Vehicle And Ship Armor Level 1  
  175  16:14  Siege Tank  
  175  16:16  Siege Tank  
  181  16:18  Viking  
  181  16:19  Viking  
  181  16:20  Marine  
  181  16:21  Marine x3  
  186  16:31  Viking  
  183  16:37  Viking  
  183  16:39  Orbital Command  
  185  16:41  Viking  
  185  16:45  Viking, Marine  
  185  16:46  Siege Tank  
  174  16:54  Viking  
  174  16:55  Viking, Marine x2  
  174  16:56  Marine  
  174  16:58  Marine  
  174  16:59  Marine  
  170  17:01  Marine  
  170  17:02  Marine  
  170  17:03  Marine  
  170  17:06  Marine x2  
  173  17:09  Viking  
  173  17:13  Marine  
  173  17:15  Planetary Fortress  
  175  17:16  Marine  
  175  17:23  Smart Servos  
  175  17:24  Marine  
  175  17:28  Siege Tank  
  173  17:33  Viking  
  173  17:35  Siege Tank, Marine  
  173  17:36  Marine x2  
  179  17:53  Viking  
  179  17:55  Liberator  
  179  17:56  Marine  
  179  17:57  Marine  
  184  17:59  Marine  
  184  18:00  Siege Tank, Marine x2  
  184  18:04  Marine x2  
  184  18:05  Liberator  
  195  18:07  Marine  
  195  18:08  Refinery x2  
  199  18:21  Missile Turret  
  199  18:23  Missile Turret  
  199  18:24  Missile Turret  
Show
View Real Time Build Order
Export as new Build Order

ByuN Terran 

Build Orders: Cyclone Opening 

Get SALT Encoding   

  12  0:00  SCV  
  13  0:12  SCV  
  14  0:17  Supply Depot  
  14  0:24  SCV  
  15  0:38  SCV  
  15  0:40  Barracks  
  16  0:43  Refinery  
  16  0:50  SCV  
  16  0:53  Refinery  
  17  1:02  SCV  
  18  1:15  SCV  
  19  1:27  Orbital Command, Reaper  
  19  1:31  Supply Depot  
  20  1:40  Factory  
  20  1:53  SCV  
  21  1:59  Reaper  
  22  2:05  SCV  
  23  2:17  SCV  
  23  2:21  Command Center  
  24  2:23  Factory Tech Lab  
  24  2:29  SCV  
  25  2:31  Barracks Reactor  
  25  2:35  Supply Depot  
  25  2:43  Cyclone  
  28  2:46  SCV  
  29  2:55  Starport  
  29  2:58  SCV  
  29  3:08  Marine  
  29  3:10  SCV  
  31  3:17  Siege Tank  
  33  3:22  SCV  
  33  3:23  Marine  
  33  3:26  Marine  
  36  3:31  Starport Tech Lab  
  36  3:34  SCV  
  36  3:37  Orbital Command  
  36  3:42  Marine  
  36  3:44  Marine  
  36  3:46  SCV  
  39  3:54  Refinery  
  39  3:56  Banshee  
  42  4:03  SCV x2  
  47  4:10  Siege Tank  
  47  4:15  SCV  
  47  4:16  SCV  
  49  4:18  Supply Depot  
  49  4:20  Marine  
  49  4:22  Marine  
  51  4:27  SCV  
  51  4:29  SCV  
  53  4:39  Raven, SCV  
  53  4:42  SCV  
  53  4:44  Supply Depot  
  59  4:48  Siege Tank  
  62  4:55  SCV  
  62  4:56  SCV, Supply Depot  
  62  5:02  Command Center  
  62  5:07  SCV  
  62  5:08  SCV, Marine x2  
  62  5:13  Refinery  
  65  5:19  SCV  
  65  5:20  SCV  
  67  5:22  Siege Tank  
  70  5:28  Supply Depot  
  70  5:38  SCV x2  
  72  5:45  Viking x2  
  72  5:46  Marine  
  72  5:47  Stimpack  
  72  5:48  Barracks  
  72  5:49  Barracks  
  77  5:50  SCV  
  77  5:51  Supply Depot  
  77  5:56  Siege Tank  
  81  6:02  SCV x2  
  83  6:06  Engineering Bay  
  83  6:09  Engineering Bay  
  80  6:14  SCV  
  80  6:16  Marine  
  81  6:20  SCV  
  81  6:23  SCV  
  83  6:26  Viking x2, SCV  
  83  6:31  Siege Tank  
  92  6:32  SCV  
  92  6:33  Terran Infantry Weapons Level 1  
  92  6:35  SCV  
  92  6:38  SCV  
  94  6:44  SCV  
  94  6:46  Barracks Reactor x2  
  94  6:48  Marine  
  94  6:50  SCV  
  96  6:56  Viking  
  96  6:57  SCV  
  98  7:02  SCV  
  98  7:03  Siege Tank  
  98  7:05  Marine  
  96  7:09  SCV  
  96  7:14  SCV  
  92  7:21  SCV  
  92  7:22  Terran Infantry Armor Level 1  
  92  7:23  Marine  
  92  7:26  Marine x3  
  92  7:27  SCV, Marine  
  98  7:33  SCV  
  98  7:39  SCV  
  98  7:41  Marine  
  97  7:44  Marine x2  
  97  7:45  Orbital Command, SCV  
  97  7:51  SCV  
  98  7:56  Marine x2  
  98  7:57  SCV  
  100  7:59  Marine  
  100  8:03  SCV  
  100  8:04  Combat Shield, Medivac x2  
  106  8:09  SCV  
  107  8:13  Sensor Tower  
  107  8:15  SCV  
  107  8:17  SCV  
  107  8:19  Refinery  
  109  8:20  Refinery  
  109  8:21  Supply Depot  
  109  8:27  SCV x2, Marine  
  109  8:28  Supply Depot  
  109  8:29  SCV  
  112  8:35  Armory, Missile Turret  
  112  8:39  SCV x2  
  112  8:41  SCV  
  100  8:50  Marine x2  
  100  8:51  SCV x2  
  100  8:53  SCV, Marine x2  
  92  8:55  Marine  
  91  9:03  SCV x2  
  91  9:05  SCV  
  91  9:08  Marine x2  
  85  9:11  Marine  
  85  9:13  Marine  
  85  9:15  SCV x2  
  87  9:17  SCV  
  87  9:23  Barracks  
  87  9:26  Terran Infantry Weapons Level 2  
  87  9:27  SCV  
  87  9:28  SCV  
  87  9:29  SCV  
  90  9:38  Terran Infantry Armor Level 2  
  90  9:40  SCV x2, Marine x2  
  90  9:41  SCV, Marine x3  
  98  9:49  Barracks  
  98  9:50  Siege Tank  
  98  9:52  SCV x2  
  103  9:53  SCV  
  103  9:57  Terran Vehicle Weapons Level 1  
  103  9:59  Marine x3  
  105  10:00  Marine  
  105  10:04  SCV x2  
  112  10:07  SCV  
  112  10:12  Barracks Reactor  
  111  10:16  Factory, SCV  
  111  10:17  Marine x2  
  111  10:18  Marine x2  
  116  10:22  Viking, Siege Tank, Barracks Reactor  
  116  10:24  Viking  
  123  10:31  Refinery  
  123  10:35  Marine x2  
  125  10:36  Marine x2  
  125  10:38  SCV  
  125  10:39  SCV x2  
  131  10:43  Supply Depot, Missile Turret  
  131  10:46  Barracks Reactor  
  131  10:47  Supply Depot  
  130  10:52  Marine x2  
  130  10:53  Marine x2  
  133  11:03  Supply Depot  
  133  11:04  Supply Depot  
  133  11:05  Siege Tank, Marine x4  
  133  11:10  Marine x3  
  133  11:11  Marine  
  144  11:16  Siege Tank  
  147  11:22  Marine x2  
  147  11:24  Marine x4  
  153  11:27  Supply Depot x2  
  153  11:28  Supply Depot x2  
  153  11:35  Missile Turret  
  153  11:39  Siege Tank  
  156  11:47  Sensor Tower  
  156  11:48  Siege Tank  
  157  11:57  Command Center  
  154  12:05  Supply Depot  
  162  12:12  Terran Infantry Weapons Level 3  
  162  12:13  Terran Infantry Armor Level 3  
  153  12:25  Marine x9  
  162  12:30  Siege Tank  
  162  12:35  Medivac x2  
  162  12:54  Siege Tank  
  162  12:56  Marine x9  
  174  13:02  SCV x2  
  174  13:04  Starport  
  174  13:05  Viking x2  
  180  13:06  Starport  
  180  13:09  SCV  
  181  13:14  SCV  
  181  13:15  SCV  
  181  13:17  Refinery x2, Missile Turret  
  183  13:21  SCV  
  183  13:27  SCV x2  
  183  13:34  Viking  
  183  13:35  Viking  
  183  13:37  Marine x3  
  186  13:46  Planetary Fortress  
  186  13:50  SCV x3  
  189  14:00  Siege Tank x2  
  185  14:04  Viking  
  185  14:05  Viking  
  185  14:06  Viking  
  185  14:08  SCV  
  193  14:14  Viking  
  191  14:32  Siege Tank  
  191  14:34  Viking  
  191  14:35  Viking  
  191  14:36  Viking  
  194  14:44  Viking, Siege Tank  
  183  14:46  Marine x3  
  183  14:47  Marine x5  
  183  14:49  Marine x2  
  176  15:04  Viking x2, Siege Tank, Marine x3  
  176  15:05  Marine x5  
  176  15:06  Marine  
  176  15:07  Marine  
  142  15:15  Viking x2  
  142  15:16  Siege Tank  
  149  15:21  Marine  
  149  15:22  Marine  
  137  15:31  Marine  
  137  15:32  Marine x3  
  137  15:34  Viking x2, Marine  
  137  15:35  Marine  
  138  15:36  Siege Tank  
  141  15:45  Viking x2  
  141  15:48  Marine x2  
  141  15:49  Marine  
  137  15:50  Marine  
  137  15:51  Marine x2  
  137  15:52  Marine  
  142  16:01  Marine x2  
  142  16:02  Marine  
  145  16:04  Viking x2  
  145  16:06  Marine  
  145  16:10  Orbital Command  
  150  16:12  Marine  
  150  16:15  Viking x2  
  150  16:18  SCV x2  
  157  16:24  Marine, Missile Turret  
  157  16:25  Marine x2  
  160  16:27  Missile Turret  
  160  16:30  SCV  
  156  16:34  Viking x2  
  156  16:35  Marine x2  
  160  16:45  Viking x2  
  164  16:47  Siege Tank, Marine  
  164  16:48  Marine x4  
  164  16:51  Marine x2  
  162  16:54  Marine  
  162  16:55  Marine  
  162  16:56  Marine  
  147  17:04  Viking  
  147  17:05  Marine  
  147  17:06  Marine x4  
  137  17:09  Marine x2  
  137  17:12  Marine  
  137  17:13  Marine  
  140  17:19  Marine  
  140  17:22  Siege Tank  
  138  17:23  Marine  
  138  17:24  Medivac, Marine  
  138  17:25  Medivac  
  142  17:32  Marine  
  142  17:34  Marine x3  
  146  17:39  Orbital Command  
  146  17:43  Marine x4  
  150  17:44  Marine x2  
  150  17:53  Marine  
  150  17:55  Marine, Medivac x2  
  150  17:56  Marine  
  150  17:57  Siege Tank  
  157  17:59  Marine  
  156  18:09  Marine x3  
  156  18:10  Marine x3  
  156  18:11  Marine  
  163  18:13  Marine  
  163  18:14  Marine  
  163  18:15  Medivac  
  163  18:19  Medivac  
  169  18:26  Supply Depot  
  169  18:27  Supply Depot  
  169  18:28  Marine  
  169  18:30  Marine x2  
  169  18:31  Marine x3  
  169  18:33  Marine  

Tags
 
Add a new tag
Caveats
  • Supply blocks, unpowered buildings, or Contaminate may cause inaccurate times.
  • Supply counts are checked every 10 seconds.